Map: Blackpink LE

Players

Counterist

  • Race: Terran Terran
  • Spawn Location: 7:00

Kupo - Winner!

  • Race: Protoss Protoss
  • League: Platinum
  • Spawn Location: 1:00

VOD

Have the link to the VOD?

Description

Time

  • Played on: April 21, 2018, 3:06 p.m.
  • Length: 11:57
Show
View Real Time Build Order
Export as new Build Order

Counterist Terran 

Build Orders: Reaper Expand 

Get SALT Encoding   

  12  0:01  SCV  
  13  0:13  SCV  
  14  0:17  Supply Depot  
  14  0:25  SCV  
  15  0:28  Refinery  
  15  0:39  SCV  
  16  0:45  Barracks  
  16  0:51  SCV  
  17  1:03  SCV  
  18  1:16  SCV  
  19  1:41  Orbital Command  
  19  1:42  Reaper  
  19  1:48  Command Center  
  19  2:07  SCV  
  20  2:08  Factory  
  20  2:12  Refinery  
  20  2:19  Barracks Reactor  
  20  2:22  SCV  
  21  2:23  Supply Depot  
  21  2:34  SCV  
  22  2:46  SCV  
  23  2:58  SCV  
  24  3:23  Cyclone  
  24  3:24  Cyclone  
  29  3:27  Orbital Command  
  29  3:30  SCV  
  30  3:36  Barracks  
  30  3:40  Engineering Bay  
  30  3:42  Barracks Reactor  
  30  3:43  SCV  
  31  3:55  Cyclone  
  31  3:56  Cyclone  
  31  3:59  SCV  
  38  4:09  SCV  
  39  4:11  SCV  
  40  4:19  Marine x2  
  40  4:21  SCV  
  40  4:23  SCV  
  44  4:27  Supply Depot  
  43  4:33  SCV  
  40  4:52  SCV x2  
  42  4:59  Starport  
  42  5:00  Barracks Tech Lab  
  42  5:03  Factory  
  42  5:04  SCV x2  
  44  5:11  Barracks Reactor  
  44  5:16  SCV x2  
  46  5:27  Armory  
  46  5:28  SCV x2  
  48  5:31  Hellion x2  
  52  5:42  SCV x2  
  54  5:45  Refinery  
  54  5:47  Refinery  
  54  5:55  Barracks Tech Lab  
  54  6:03  Liberator  
  54  6:05  SCV  
  54  6:07  Supply Depot  
  54  6:18  Supply Depot  
  54  6:19  Supply Depot  
  54  6:20  Hellion x2, SCV  
  54  6:23  Marine  
  62  6:28  Marine, Siege Tank  
  62  6:29  Marauder  
  62  6:55  Liberator x2  
  62  7:03  SCV x2  
  64  7:10  Siege Tank  
  64  7:11  Hellion x2  
  64  7:13  Marine x2  
  64  7:14  Marauder  
  64  7:15  SCV x2  
  83  7:16  Terran Vehicle Weapons Level 1  
  83  7:27  Command Center, SCV x2  
  85  7:31  Marine  
  86  7:50  SCV  
  86  7:52  Marine, Marauder  
  86  7:57  SCV  
  78  8:08  Liberator x2  
  73  8:23  Siege Tank  
  73  8:24  Hellion x2  
  77  8:37  SCV  
  77  8:38  SCV  
  76  8:45  Hellion x2  
  77  8:50  SCV x2  
  77  8:55  Siege Tank  
  59  9:10  Liberator  
  54  9:23  Marine x2, Marauder  
  51  9:25  Hellion x2  
  51  9:27  Siege Tank  
  57  9:38  Liberator  
  52  9:41  Marine  
  52  9:45  Marauder  
  54  9:46  Marine, Hellion  
  56  10:05  Armory  
  53  10:09  Hellion x2  
  57  10:17  Hellion  
  57  10:18  SCV x2  
  57  10:20  Planetary Fortress  
  59  10:26  Barracks Reactor  
  59  10:28  Barracks Reactor  
  59  10:30  SCV x2  
  61  10:42  SCV x2  
  63  10:54  SCV x2  
  63  10:56  Refinery  
  41  11:29  SCV x2  
  41  11:30  SCV  
  34  11:41  SCV x2  
  34  11:42  SCV  
Show
View Real Time Build Order
Export as new Build Order

Kupo Protoss - Winner!

Build Orders: 1 Gate Expand 

Get SALT Encoding   

  12  0:01  Probe  
  13  0:13  Probe  
  14  0:19  Pylon  
  14  0:25  Probe  
  15  0:35  Probe  
  15  0:40  Gateway  
  16  0:43  Probe  
  16  0:49  Assimilator  
  17  0:51  Probe  
  18  1:03  Probe  
  19  1:17  Probe  
  20  1:40  Nexus  
  20  1:43  Pylon  
  20  1:46  Pylon  
  20  1:54  Cybernetics Core  
  20  1:58  Probe  
  21  2:05  Gateway  
  21  2:07  Probe  
  21  2:15  Probe  
  23  2:23  Probe  
  24  2:33  Pylon  
  24  2:38  Warp Gate, Stalker  
  25  2:56  Probe x2  
  25  2:59  Adept  
  25  3:00  Stalker  
  26  3:08  Probe x2  
  28  3:20  Probe x2  
  30  3:30  Adept  
  32  3:35  Robotics Facility  
  32  3:42  Shield Battery  
  32  3:45  Probe  
  32  3:46  Probe  
  34  3:49  Pylon  
  34  3:57  Probe  
  34  3:58  Probe  
  34  4:00  Stalker x2  
  41  4:10  Probe x2  
  41  4:11  Shield Battery  
  42  4:28  Probe x2  
  42  4:29  Assimilator  
  42  4:40  Probe x2  
  44  4:50  Immortal  
  49  4:52  Probe  
  49  4:53  Probe  
  50  5:03  Probe x2  
  50  5:04  Nexus  
  52  5:12  Forge  
  52  5:14  Sentry  
  54  5:24  Pylon x2  
  54  5:26  Pylon  
  54  5:27  Pylon  
  54  5:40  Pylon, Observer  
  54  5:42  Probe x2  
  57  5:44  Assimilator  
  57  5:49  Protoss Ground Weapons Level 1  
  57  5:52  Warp Prism  
  57  5:54  Probe  
  60  6:14  Zealot x2  
  64  6:22  Gateway  
  64  6:24  Gateway  
  64  6:25  Gateway  
  56  6:49  Stalker x2  
  56  6:52  Immortal  
  62  6:56  Probe x3  
  65  7:01  Shield Battery  
  65  7:03  Shield Battery  
  65  7:05  Shield Battery  
  65  7:08  Probe x3  
  68  7:15  Stalker x2  
  72  7:30  Protoss Ground Armor Level 1  
  72  7:32  Immortal, Twilight Council  
  76  7:42  Adept x5  
  72  8:05  Stalker x5  
  59  8:30  Stalker x2  
  59  8:31  Stalker x3  
  65  8:34  Immortal  
  65  8:36  Charge  
  67  9:05  Stalker  
  65  9:16  Stalker x3  
  54  9:17  Stalker  
  39  9:32  Zealot  
  37  9:51  Stalker x2  
  37  9:52  Stalker x2  
  45  9:54  Probe x2  
  45  9:56  Pylon  
  47  10:05  Probe x2  
  47  10:12  Stalker  
  47  10:13  Probe x2  
  45  10:17  Immortal  
  47  10:21  Probe x2  
  47  10:27  Zealot  
  51  10:29  Probe  
  51  10:30  Probe  
  53  10:37  Probe  
  54  10:44  Zealot x2  
  58  11:00  Zealot x3  
  56  11:18  Zealot x2  
  52  11:26  Zealot x3  
Tags
 
Add a new tag
Caveats
  • Supply blocks, unpowered buildings, or Contaminate may cause inaccurate times.
  • Supply counts are checked every 10 seconds.